 Dungeon Crawl Stone Soup version 0.24-a0-462-ge24419a6ad (webtiles) character file.

Game seed: 7460996757543362531

276 tsouns the Sneak (level 6, -4/37 HPs)
             Began as a Vampire Hunter on July 1, 2019.
             Was a Follower of Okawaru.
             Slain by a hippogriff (5 damage)
             ... on level 2 of the Dungeon.
             The game lasted 00:05:04 (2197 turns).

tsouns the Sneak (Vampire Hunter)                   Turns: 2197, Time: 00:05:05

Health: -4/37      AC:  0    Str: 11      XL:     6   Next: 4%
Magic:  4/6        EV: 20    Int: 11 (13) God:    Okawaru [*.....]
Gold:   104        SH:  4    Dex: 21 (22) Spells: 5/5 levels left

rFire    . . .     SeeInvis +   (weapon currently unavailable)
rCold    + + .     Gourm    .   (shield currently unavailable)
rNeg     + + +     Faith    .   (armour currently unavailable)
rPois    ∞         Spirit   .   (helmet currently unavailable)
rElec    .         Reflect  +   (cloak currently unavailable)
rCorr    .         Harm     .   (gloves currently unavailable)
MR       .....                  (boots currently unavailable)
Stlth    +++++.....             n - +4 amulet of reflection
HPRegen  0.00/turn              (ring currently unavailable)
MPRegen  0.10/turn              (ring currently unavailable)

@: bat-form, flying, bloodless, regenerating quickly, very quick
A: tiny, no food, fangs 3, see invisible
a: Revivify, End Transformation, Heroism, Renounce Religion


You were on level 2 of the Dungeon.
You worshipped Okawaru.
Okawaru was aware of your devotion.
You were bloodless.
You were in vampire-bat-form.
You visited 1 branch of the dungeon, and saw 3 of its levels.

You collected 104 gold pieces.

Inventory:

Hand Weapons
 a - a +0 short sword
 l - a +3 dagger of venom (melded)
Missiles
 c - 3 javelins (quivered)
Armour
 b - a +1 leather armour (melded)
 e - a +0 buckler (melded)
Jewellery
 i - a ring of protection from magic (melded)
 n - a +4 amulet of reflection (around neck)
Scrolls
 k - 2 scrolls of identify


   Skills:
 + Level 3.0 Fighting
 * Level 4.0 Short Blades
 - Level 3.2 Throwing
 - Level 2.1 Dodging
 + Level 4.3 Stealth
 + Level 2.1 Shields


You had 5 spell levels left.
You didn't know any spells.
Your spell library was empty.

Dungeon Overview and Level Annotations

Branches:
Dungeon (3/15)

Altars:
Elyvilon
Okawaru
Qazlal
Ru
Xom


Innate Abilities, Weirdness & Mutations

You do not eat.
You do not regenerate when monsters are visible.
You are frail without blood (-20% HP).
You are immune to poison.
You have razor-sharp teeth.
You have supernaturally acute eyesight. (SInv)
((You can survive without breathing.))


Message History

You have reached level 6!
Your experience leads to an increase in your attributes!
Increase (S)trength, (I)ntelligence, or (D)exterity?
You feel agile.
You feel a bit more experienced.
You feel better. The hippogriff bites you!
* * * LOW HITPOINT WARNING * * *
The hippogriff pecks you!
* * * LOW HITPOINT WARNING * * *
You block the hippogriff's attack.
You turn into a vampire bat.
Your +3 dagger of venom melds into your body.
Your +0 buckler melds into your body.
Your +1 leather armour melds into your body.
Your ring of protection from magic melds into your body.
Your +3 dagger of venom stops dripping with poison.
You feel clumsy.
You feel dopey. x2
The hippogriff closely misses you. The hippogriff misses you.
The hippogriff claws you.
You die...

,,,,,,* ***** ,,,,,,* *...#
****,#########...#
***,#..@.>..!...#
*,,,#.###.####..#
*,**#.......#*#.#
*,*##.......# #.#
*...........# #.##
*#####.....)# #b.# ######
##
#.....#####H###....#######.
#.....).(.@................
#....(######.##....#.#####.
#.....# #..#........# #.
#.....# ##.#........# #.
#.....# *.#........# #.
#.....# #.#####....# ##
####### ###..####%...#


You could see a hippogriff.

Vanquished Creatures
  Sigmund (D:2)
  An orc priest (D:3)
  2 gnolls (D:3)
  2 adders (D:3)
  2 leopard geckos (D:3)
  5 orcs (D:3)
  6 bats
  2 giant cockroaches (D:3)
  8 goblins
  A hobgoblin (D:2)
  2 jackals (D:1)
  A quokka (D:3)
  2 ball pythons
  A frilled lizard (D:1)
  8 kobolds
  6 rats
  A fungus (D:3)
51 creatures vanquished.

Notes
Turn   | Place    | Note
-------+----------+-------------------------------------------
     0 | D:1      | tsouns the Vampire Hunter began the quest for the Orb.
     0 | D:1      | Reached XP level 1. HP: 16/16 MP: 1/1
   431 | D:1      | Reached skill level 1 in Short Blades
   458 | D:1      | Reached XP level 2. HP: 18/22 MP: 2/2
   644 | D:1      | Found a shimmering altar of Xom.
   646 | D:1      | Found a shimmering altar of Xom.
   646 | D:1      | Found a white marble altar of Elyvilon.
   648 | D:1      | Found a shimmering altar of Xom.
   648 | D:1      | Found a hazy altar of Hepliaklqana.
   648 | D:1      | Found a hide-covered altar of Uskayaw.
   961 | D:2      | Noticed a hippogriff
   985 | D:2      | Noticed Sigmund
  1105 | D:3      | Reached XP level 3. HP: 24/27 MP: 3/3
  1116 | D:3      | Reached skill level 1 in Shields
  1153 | D:3      | Reached XP level 4. HP: 24/27 MP: 4/4
  1157 | D:3      | Found an iron altar of Okawaru.
  1276 | D:3      | Became a worshipper of Warmaster Okawaru
  1424 | D:3      | Found a faded altar of an unknown god.
  1509 | D:3      | Found a white marble altar of Elyvilon.
  1581 | D:3      | Found a sacrificial altar of Ru.
  1891 | D:3      | Found a stormy altar of Qazlal.
  2195 | D:2      | Killed Sigmund
  2195 | D:2      | Reached * piety under Okawaru
  2195 | D:2      | Reached XP level 5. HP: 7/32 MP: 5/5
  2195 | D:2      | Reached XP level 6. HP: 8/37 MP: 6/6
  2196 | D:2      | HP: 1/37 [hippogriff (8)]
  2197 | D:2      | Slain by a hippogriff

Levels and vault maps discovered:
D:1:      eino_arrival_cavern_a, layout_loops_corners, doesnt_xom_only_xom
D:2:      layout_basic, uniq_sigmund
D:3:      minmay_angry_zag, layout_loops_ring, nicolae_qazlal_eye_of_the_storm,
          nicolae_ru_the_path_less_chosen, okawaru_altar_gauntlet_db,
          chequers_ecumenical_altar_simple, elyvilon_altar_3

Skill      XL: |  1  2  3  4 |
---------------+-------------+-----
Short Blades   | 1 2 4 |  4.0
Stealth        | 2 3 4 |  4.3
Fighting       | 2 3 |  3.0
Shields        | 1 2 |  2.1
Throwing       | |  3.2
Dodging        | |  2.1

Action                   |  1- 3 |  4- 6 || total
-------------------------+-------+-------++-------
Melee: Short sword       |    35 |       ||    35
       Dagger            |    34 |    66 ||   100
       Bite              |     3 |     7 ||    10
Throw: Throwing net      |     2 |       ||     2
       Javelin           |       |     3 ||     3
 Abil: Exsanguinate      |     1 |     1 ||     2
       Revivify          |       |     1 ||     1
       Bat Form          |       |     1 ||     1
  Use: Potion            |     2 |     1 ||     3
       Scroll            |       |     6 ||     6
 Stab: Sleeping          |     3 |     9 ||    12
       Distracted        |       |     1 ||     1
Armor: Leather armour    |    31 |     9 ||    40
Dodge: Dodged            |    36 |    23 ||    59
Block: Buckler           |    11 |    17 ||    28

Table legend:
 A = Non-vault XP
 B = Vault XP
 C = Vault XP percentage of total XP
 D = Non-vault monster count
 E = Vault monster count
 F = Vault count percentage of total count
                 A         B        C        D         E       F
            +---------+---------+-------+---------+---------+-------
      Total |     125 |     270 |  68.4 |      41 |       9 |  18.0
            +---------+---------+-------+---------+---------+-------
        D:1 |      15 |       0 |   0.0 |      11 |       0 |   0.0
        D:2 |      14 |     220 |  94.0 |       8 |       1 |  11.1
        D:3 |      96 |      50 |  34.2 |      22 |       8 |  26.7
            +---------+---------+-------+---------+---------+-------
